 Dungeon Crawl Stone Soup version 0.29.0-13-gc9e81de378 (webtiles) character file.

Game seed: 2803565042470910228

314 casanoah the Ruffian (level 6, -5/48 HPs)
             Began as a Draconian Transmuter on Sept 9, 2022.
             Slain by a black bear (8 damage)
             ... on level 4 of the Dungeon.
             The game lasted 00:05:27 (4754 turns).

casanoah the Ruffian (Draconian Transmuter)         Turns: 4754, Time: 00:05:27

Health: -5/48      AC:  6    Str: 14    XL:     6   Next: 19%
Magic:  10/11      EV: 12    Int: 13    God:
Gold:   372        SH:  0    Dex: 12    Spells: 6/12 levels left

rFire   . . .      SeeInvis .     - Unarmed
rCold   . . .      Faith    .   (no shield)
rNeg    . . .      Spirit   .   (body armour unavailable)
rPois   .          Reflect  .   (helmet restricted)
rElec   .          Harm     .   (no cloak)
rCorr   .          Rampage  .   (no gloves)
Will    .....                   (no boots)
Stlth   ++........              (no amulet)
HPRegen 0.16/turn               (no ring)
MPRegen 0.12/turn               (no ring)

@: no status effects
A: AC +6, unfitting armour, cold-blooded
a: no special abilities


You were on level 4 of the Dungeon.
You visited 1 branch of the dungeon, and saw 4 of its levels.

You collected 372 gold pieces.

Inventory:

Jewellery
 d - an amulet of faith
 l - a ring of willpower
 n - an amulet of the acrobat
 o - a +6 ring of intelligence
 r - a ring of poison resistance
Scrolls
 b - 8 scrolls of identify {unknown}
 c - a scroll of amnesia {unknown}
 e - a scroll of poison {unknown}
 f - 2 scrolls of teleportation {unknown}
 h - 3 scrolls of immolation {unknown}
 i - 4 scrolls of fear {unknown}
 k - a scroll of fog {unknown}
 m - a scroll of vulnerability {unknown}
 s - a scroll of enchant armour {unknown}
Potions
 a - a potion of lignification
 g - 2 potions of curing {unknown}
 j - 2 potions of resistance {unknown}
 p - a potion of magic {unknown}
 q - a potion of berserk rage {unknown}


   Skills:
 + Level 1.9 Fighting
 + Level 2.6 Dodging
 + Level 1.2 Stealth
 + Level 4.6 Unarmed Combat
 + Level 3.5 Spellcasting
 + Level 3.1 Transmutations


You had 6 spell levels left.
You knew the following spells:

 Your Spells              Type           Power      Damage    Failure   Level
a - Beastly Appendage     Tmut           20%        N/A       6%          1
b - Wereblood             Tmut           10%        N/A       9%          2
c - Spider Form           Tmut/Pois      6%         N/A       34%         3

Your spell library contained the following spells:

 Spells                   Type           Power      Damage    Failure   Level
 Apportation              Tloc           4%         N/A       22%         1
 Necrotise                Necr           8%         1d4       22%         1
 Summon Small Mammal      Summ           8%         N/A       22%         1
 Static Discharge         Conj/Air       2%         3-4/arc   32%         2
 Ignite Poison            Fire/Tmut/Pois 5%         N/A       38%         3
 Conjure Flame            Conj/Fire      2%         6-21      54%         3
 Ice Form                 Ice/Tmut       6%         N/A       75%         4
 Sticky Flame             Conj/Fire      2%         2d3       91%         4
 Alistair's Intoxication  Tmut/Pois      4%         N/A       97%         5
 Lightning Bolt           Conj/Air       1%         1d12      99%         5
 Conjure Ball Lightning   Conj/Air       1%         3x3d6     100%        6
 Discord                  Hex            1%         N/A       100%        8
 Disjunction              Tloc           1%         N/A       100%        8
 Maxwell's Capacitive Co  Air            1%         ∞         100%        8


Dungeon Overview and Level Annotations

Branches:
Dungeon (4/15)
 Temple: D:4-7

Altars:
Ashenzari
Makhleb
Okawaru
The Shining One

Shops:
D:2 (   D:4 *


Innate Abilities, Weirdness & Mutations

Your plain brown scales are hard. (AC +6)
You cannot fit into any form of body armour.
You are cold-blooded and may be slowed by cold attacks.


Message History

Found 6 gold pieces.
Your transformation is almost over.
The black bear goes berserk!
You hit the adder.
The adder is poisoned.
The adder is lightly wounded.
The adder misses you. The black bear closely misses you.
The black bear claws you! The black bear claws you.
You hit the black bear.
The black bear looks as sick as possible!
The black bear is severely wounded.
The adder barely misses you. The black bear closely misses you.
The black bear misses you. The black bear closely misses you.
The adder misses you.
The black bear attacks as you move away!
The black bear closely misses you. The black bear misses you.
The black bear closely misses you. The adder attacks as you move away!
The adder bites you. The black bear closely misses you.
The black bear completely misses you. The black bear closely misses you.
The black bear attacks as you move away!
The black bear bites you! The black bear claws you. x2
The black bear closely misses you. The black bear claws you.
The black bear closely misses you. The adder attacks as you move away!
The adder closely misses you. The adder bites you but does no damage.
The adder attacks as you move away! The adder bites you.
Your transformation has ended.
The black bear bites you!
* * * LOW HITPOINT WARNING * * *
The black bear claws you but does no damage.
The black bear claws you.
* * * LOW HITPOINT WARNING * * *
The adder attacks as you move away! The adder barely misses you.
The black bear rages.
The adder closely misses you.
The black bear attacks as you move away!
The black bear misses you. The black bear closely misses you.
The black bear claws you.
* * * LOW HITPOINT WARNING * * *
The black bear bites you!
You die...

#.........(...# #
##....##.......#.#.#.............
.....)##.#.....#>#.#.............
......##.##......#.#.............
......#.........# .#.............
........(.......##.#$............
.....##..........#.#............?
####.#.....[.......#.............
#.#.....∩....@h##......w......
#.#..<.......#.S..............
#.#..........###..............
#.#.#...##.### #.....###..#..#
####+#.######.# ##.#..# #.#_#.#
#.............# #.#..# #..#..#
#.............## #.#...##.....#
#..............# #.#........#.#
#...[(.........# .#..........#


You could see a black bear (berserk, very poisoned) and an adder (poisoned).

Vanquished Creatures
  A phantom (D:4)
  2 hounds (D:4)
  An iguana (D:4)
  9 adders
  3 worms
  A dart slug (D:1)
  4 bats
  6 endoplasms
  2 giant cockroaches
  4 goblins
  5 hobgoblins
  7 jackals
  A quokka (D:4)
  5 ball pythons
  2 frilled lizards
  6 kobolds
  6 rats
65 creatures vanquished.

Notes
Turn   | Place    | Note
-------+----------+-------------------------------------------
     0 | D:1      | casanoah the Draconian Transmuter began the quest for the
                  | Orb.
     0 | D:1      | Reached XP level 1. HP: 16/16 MP: 3/3
   388 | D:1      | Reached XP level 2. HP: 10/23 MP: 3/5
   638 | D:1      | Learned a level 2 spell: Wereblood
  1501 | D:2      | Reached XP level 3. HP: 25/28 MP: 4/6
  1818 | D:2      | Found Duasov's Antique Weapon Shop.
  1818 | D:2      | Found a faded altar of an unknown god.
  2231 | D:3      | Reached XP level 4. HP: 27/35 MP: 5/8
  2344 | D:3      | Found a broken altar of Ashenzari.
  2770 | D:3      | Reached skill level 4 in Unarmed Combat
  2944 | D:3      | Found a burning altar of Makhleb.
  3293 | D:3      | Found a glowing golden altar of the Shining One.
  3498 | D:4      | Found Wyuxtimn's Assorted Antiques.
  3636 | D:4      | Reached XP level 5. HP: 40/40 MP: 6/9
  4071 | D:4      | Noticed a phantom
  4144 | D:4      | Noticed an ogre
  4173 | D:3      | Learned a level 3 spell: Spider Form
  4226 | D:4      | Killed a phantom
  4227 | D:4      | Reached skill level 1 in Stealth
  4227 | D:4      | Reached XP level 6. HP: 48/48 MP: 8/11
  4720 | D:4      | Found an iron altar of Okawaru.
  4754 | D:4      | Slain by a black bear

Illustrated notes

Levels and vault maps discovered:
D:1:      dpeg_arrival_arbitrary_a, layout_loops_cross
D:2:      layout_loops_ring, serial_shops, nicolae_square_shop,
          ebering_ecumenical_altar_rust
D:3:      layout_basic, bloody_makhleb, cheibrodos_ashenzari_chains,
          lemuel_round_altar, chequers_serial_rivers_room_b,
          hangedman_decor_riveting, minmay_misc_feat_tower,
          grunt_decor_arrowhead
D:4:      minmay_polygon_palace, layout_basic, okawaru_metal_pillars_1_2,
          serial_shops, shop, eino_small_chamber_without_monster,
          nicolae_shop_clearance

Skill      XL: |  1  2  3  4  5 |
---------------+----------------+-----
Dodging        | 2 |  2.6
Unarmed Combat | 4 |  4.6
Spellcasting   | 3 |  3.5
Stealth        | 1 |  1.2
Transmutations | 3 |  3.1
Fighting       | |  1.9

Action                   |  1- 3 |  4- 6 || total
-------------------------+-------+-------++-------
Melee: Unarmed           |    97 |   123 ||   220
       Tailslap          |    10 |    11 ||    21
       Kick              |    12 |    26 ||    38
       Headbutt          |     3 |    15 ||    18
       Punch             |     1 |     4 ||     5
 Cast: Beastly Appendage |    16 |    22 ||    38
       Wereblood         |     2 |     3 ||     5
       Spider Form       |       |     3 ||     3
 Stab: Sleeping          |       |     1 ||     1
       Distracted        |       |     1 ||     1
Armor: Skin              |    34 |    29 ||    63
Dodge: Dodged            |    71 |   115 ||   186
